Map: Neon Violet Square LE

Players

Neeblet (Neeb) - Winner!

  • Race: Protoss Protoss
  • League: Master
  • Spawn Location: 11:00

SortOf

  • Race: Zerg Zerg
  • League: Master
  • Spawn Location: 5:00

Event: HomeStory Cup XVI

VOD

Have the link to the VOD?

Description

Time

  • Played on: Nov. 9, 2017, 9:13 a.m.
  • Length: 8:22

All games in this series

Show
View Real Time Build Order
Export as new Build Order

Neeblet Protoss - Winner!

Build Orders: Oracle Opening, Phoenix Opening, Zealot Archon, Archon Drop 

Get SALT Encoding   

  12  0:02  Probe (Chrono Boost)  
  14  0:14  Probe (Chrono Boost)  
  14  0:18  Pylon  
  14  0:26  Probe (Chrono Boost)  
  15  0:32  Probe (Chrono Boost)  
  15  0:40  Probe (Chrono Boost)  
  17  0:52  Probe (Chrono Boost)  
  19  1:09  Nexus  
  18  1:14  Gateway  
  19  1:18  Probe (Chrono Boost)  
  19  1:22  Assimilator  
  19  1:30  Probe (Chrono Boost)  
  19  1:31  Assimilator  
  20  1:42  Probe (Chrono Boost)  
  20  1:43  Pylon  
  22  1:54  Probe (Chrono Boost)  
  22  2:00  Probe (Chrono Boost)  
  22  2:02  Cybernetics Core  
  23  2:09  Probe (Chrono Boost)  
  24  2:16  Probe (Chrono Boost)  
  24  2:17  Probe (Chrono Boost)  
  26  2:23  Probe (Chrono Boost)  
  26  2:25  Probe (Chrono Boost)  
  28  2:35  Probe (Chrono Boost)  
  30  2:37  Probe (Chrono Boost)  
  30  2:38  Adept  
  30  2:39  Stargate  
  30  2:40  Warp Gate  
  32  2:47  Probe (Chrono Boost)  
  32  2:49  Probe (Chrono Boost)  
  35  2:59  Probe (Chrono Boost)  
  35  3:01  Probe (Chrono Boost)  
  36  3:05  Adept  
  36  3:11  Probe (Chrono Boost)  
  36  3:12  Oracle, Gateway  
  40  3:13  Gateway, Probe (Chrono Boost)  
  40  3:14  Pylon  
  40  3:23  Probe (Chrono Boost)  
  40  3:26  Probe (Chrono Boost)  
  45  3:29  Assimilator  
  45  3:31  Assimilator  
  46  3:35  Probe (Chrono Boost)  
  46  3:38  Phoenix, Probe (Chrono Boost)  
  47  3:41  Robotics Facility  
  47  3:48  Probe (Chrono Boost)  
  48  3:51  Probe (Chrono Boost)  
  48  3:52  Pylon  
  51  4:00  Probe (Chrono Boost)  
  53  4:03  Probe (Chrono Boost)  
  53  4:04  Twilight Council  
  53  4:09  Pylon  
  53  4:16  Probe (Chrono Boost)  
  54  4:22  Gateway, Charge  
  54  4:25  Warp Prism  
  54  4:27  Gateway x2  
  56  4:42  Templar Archives  
  56  4:54  Nexus  
  56  5:03  Pylon  
  56  5:11  Probe x2 (Chrono Boost)  
  58  5:24  High Templar  
  58  5:25  High Templar x2, Zealot, Probe (Chrono Boost)  
  58  5:26  Zealot, High Templar, Probe (Chrono Boost)  
  72  5:29  Gateway  
  72  5:30  Archon  
  72  5:31  Archon  
  72  5:32  Gateway  
  72  5:33  Pylon  
  72  5:38  Probe (Chrono Boost)  
  72  5:41  Probe (Chrono Boost)  
  75  5:50  Probe (Chrono Boost)  
  75  5:53  Probe (Chrono Boost)  
  76  5:58  Zealot x5  
  76  6:02  Zealot  
  86  6:12  Probe x2 (Chrono Boost)  
  86  6:13  Probe (Chrono Boost)  
  87  6:19  Zealot x3  
  87  6:20  Zealot x2  
  90  6:26  Probe (Chrono Boost)  
  90  6:27  Probe x2 (Chrono Boost)  
  80  6:39  Probe x3 (Chrono Boost)  
  77  6:40  Zealot x2  
  77  6:41  Zealot x4  
  77  6:47  Forge  
  85  6:51  Probe (Chrono Boost)  
  85  6:52  Probe (Chrono Boost)  
  88  6:55  Probe (Chrono Boost)  
  85  7:02  Assimilator x2  
  85  7:03  Probe (Chrono Boost)  
  85  7:04  Probe (Chrono Boost)  
  78  7:11  High Templar x4  
  78  7:12  High Templar x2  
  78  7:13  Zealot  
  78  7:14  Zealot  
  94  7:17  Pylon  
  94  7:18  Archon x3  
  94  7:22  Observer  
  94  7:26  Pylon  
  95  7:38  High Templar x2  
  95  7:41  Pylon  
  95  7:44  Zealot x6, Pylon  
  107  7:45  Nexus  
  107  7:47  Pylon  
  107  7:48  Archon  
  107  7:49  Pylon  
  111  7:54  Probe (Chrono Boost)  
  111  7:56  Probe x2 (Chrono Boost)  
  111  7:57  Observer  
  115  8:08  Probe (Chrono Boost)  
  115  8:09  Probe (Chrono Boost)  
  117  8:18  Zealot x8  
Show
View Real Time Build Order
Export as new Build Order

SortOf Zerg 

Build Orders: Hatch First 

Get SALT Encoding   

  12  0:00  Drone  
  13  0:13  Overlord  
  13  0:18  Drone  
  14  0:31  Drone x2  
  14  0:35  Drone  
  17  0:52  Hatchery  
  17  0:56  Drone  
  17  0:58  Drone  
  18  1:05  Extractor  
  17  1:14  Spawning Pool  
  17  1:17  Drone  
  17  1:22  Drone  
  18  1:28  Drone  
  19  1:41  Drone  
  20  1:50  Overlord  
  20  2:02  Queen  
  20  2:03  Queen  
  20  2:04  Zergling x2  
  20  2:05  Zergling x2  
  26  2:12  Drone  
  26  2:13  Metabolic Boost  
  27  2:18  Drone  
  29  2:22  Drone  
  29  2:27  Drone  
  30  2:35  Drone  
  31  2:38  Drone  
  32  2:45  Hatchery  
  32  2:49  Drone  
  33  2:51  Drone  
  33  2:54  Overlord  
  33  2:58  Drone  
  33  3:05  Queen  
  36  3:13  Drone  
  36  3:14  Drone x3  
  36  3:16  Overlord  
  40  3:20  Zergling x4  
  40  3:23  Drone  
  40  3:24  Drone  
  44  3:34  Queen  
  44  3:35  Drone  
  44  3:36  Drone  
  44  3:39  Drone  
  49  3:43  Lair  
  49  3:44  Drone  
  49  3:48  Drone  
  51  3:53  Spore Crawler x2  
  51  3:54  Drone  
  50  3:59  Drone x2  
  52  4:05  Drone  
  52  4:07  Overlord  
  53  4:12  Drone  
  53  4:16  Drone x4  
  58  4:19  Overlord  
  58  4:24  Baneling Nest  
  58  4:25  Overlord  
  58  4:27  Drone  
  58  4:30  Spore Crawler, Overlord  
  57  4:32  Extractor, Queen  
  57  4:34  Extractor  
  57  4:36  Overlord  
  57  4:40  Drone  
  57  4:41  Drone x4  
  63  4:45  Drone  
  63  4:46  Hydralisk Den  
  63  4:49  Drone x2  
  63  4:50  Drone  
  66  4:52  Drone  
  66  4:53  Drone  
  66  4:57  Drone  
  66  4:58  Drone x2  
  71  5:00  Drone x2  
  71  5:06  Drone x2  
  74  5:08  Drone  
  74  5:11  Drone x2  
  77  5:21  Muscular Augments  
  77  5:23  Extractor, Drone x6  
  77  5:25  Extractor  
  77  5:26  Drone  
  82  5:28  Overlord  
  82  5:35  Overlord  
  81  5:41  Spore Crawler  
  81  5:42  Zergling x2  
  81  5:43  Baneling  
  81  5:44  Overlord, Baneling x4  
  81  5:46  Overlord  
  81  5:47  Hydralisk  
  81  5:48  Zergling x6  
  86  5:53  Hydralisk  
  86  5:54  Hydralisk, Zergling x4  
  84  5:59  Hydralisk  
  84  6:00  Zergling x4  
  84  6:03  Zergling x4  
  84  6:04  Zergling x2  
  84  6:09  Zergling x2  
  85  6:13  Zergling x2  
  85  6:14  Zergling x2  
  81  6:20  Hydralisk x2, Zergling x4  
  81  6:23  Zergling x2  
  71  6:31  Hydralisk, Zergling x2  
  58  6:37  Drone  
  58  6:39  Drone  
  54  6:44  Hydralisk  
  55  6:47  Hydralisk  
  55  6:52  Hydralisk  
  57  6:57  Hydralisk  
  56  7:06  Drone x3  
  56  7:10  Drone  
  57  7:16  Lurker Den  
  57  7:22  Hydralisk  
  58  7:24  Queen  
  60  7:30  Drone  
  60  7:31  Drone  
  60  7:32  Hydralisk  
  60  7:36  Drone x2  
  66  7:40  Hydralisk  
  66  7:43  Drone  
  69  7:46  Hydralisk  
  69  7:50  Baneling x3  
  71  7:53  Zergling x2  
  71  7:54  Zergling x2  
  73  7:59  Zergling x6  
Tags
 
Add a new tag
Caveats
  • Supply blocks, unpowered buildings, or Contaminate may cause inaccurate times.
  • Supply counts are checked every 10 seconds.